[ PARTIDA AOE2 · #507964726 ]
UnrankedTupíes vs Mongols
Equipo del jugador · DERR
Equipo rival · VICT
[ ANÁLISIS DE REPETICIÓN · EXTRAÍDO DE LA PARTIDA GRABADA ]
Feudal
10:35
Castillos
17:46
Imperial
—
| APM promedio | 40.0 |
| APM pico | 71 |
| eAPM promedio | 19.4 |
| Aldeanos / militares | 55 / 2 |
Foco
⚔️ 42.9% · 🌾 57.1%
Unknown (2579) ×53 · Mangonel ×2 · Unknown (2550) ×1
Feudal
9:26
Castillos
21:51
Imperial
—
| APM promedio | 73.6 |
| APM pico | 102 |
| eAPM promedio | 35.6 |
| Aldeanos / militares | 101 / 23 |
Foco
⚔️ 37.2% · 🌾 62.8%
Archer ×15 · Mangonel ×6 · Mangudai ×2
Mapa de la partida
Recursos iniciales + cada clic de construcción. Líneas = muros · curvas = relieve. ◆ oro · ⬟ piedra · ● bayas · ✦ reliquia · ◌ hueco del cierre
Tu base· Abierta — hueco de 5t
Base de 张献忠· Abierta — flanco sin cerrar
Terreno inicial suavizado · ◌ = hueco del cierre detectado · pasá el cursor para detalles
Inputs por minuto
— Tam nsnd - - 张献忠
Build order — Tam nsnd
Primeras 150 de 168 acciones detectadas
| 0:01 | Encolar | Villager (Male) |
| 0:02 | Construir | House |
| 0:03 | Construir | House |
| 0:06 | Encolar | Villager (Male) ×3 |
| 1:09 | Encolar | Villager (Male) |
| 1:33 | Encolar | Villager (Male) |
| 2:04 | Encolar | Villager (Male) |
| 2:26 | Construir | Settlement |
| 2:45 | Encolar | Villager (Male) |
| 2:46 | Encolar | Villager (Male) |
| 2:50 | Encolar | Villager (Male) |
| 3:34 | Encolar | Villager (Male) |
| 3:37 | Encolar | Villager (Male) |
| 4:06 | Encolar | Villager (Male) |
| 4:16 | Encolar | Villager (Male) |
| 4:27 | Encolar | Villager (Male) |
| 4:46 | Encolar | Villager (Male) |
| 4:46 | Encolar | Villager (Male) |
| 5:07 | Encolar | Villager (Male) |
| 5:36 | Construir | House |
| 6:01 | Construir | Settlement |
| 6:22 | Construir | House |
| 6:29 | Construir | Palisade Wall |
| 6:32 | Construir | Palisade Wall |
| 6:45 | Investigar | Loom |
| 6:57 | Construir | Palisade Wall |
| 6:59 | Construir | Palisade Wall |
| 7:08 | Encolar | Villager (Male) |
| 7:24 | Encolar | Villager (Male) |
| 7:31 | Encolar | Villager (Male) |
| 7:43 | Construir | Palisade Wall |
| 8:23 | Investigar | Feudal Age |
| 8:24 | Investigar | Feudal Age |
| 8:34 | Construir | Barracks |
| 8:52 | Construir | Palisade Wall |
| 9:33 | Encolar | Villager (Male) |
| 9:49 | Construir | House |
| 9:56 | Construir | House |
| 10:14 | Construir | House |
| 10:35 | Edad | Edad Feudal |
| 10:47 | Construir | Market |
| 10:52 | Encolar | Villager (Male) |
| 11:04 | Construir | Farm |
| 11:26 | Encolar | Villager (Male) |
| 11:51 | Encolar | Villager (Male) |
| 12:13 | Construir | Blacksmith |
| 12:15 | Encolar | Villager (Male) |
| 12:28 | Construir | Settlement |
| 12:41 | Construir | House |
| 12:45 | Encolar | Villager (Male) |
| 13:05 | Encolar | Villager (Male) |
| 13:11 | Construir | Farm |
| 13:19 | Encolar | Villager (Male) |
| 13:38 | Construir | Farm |
| 13:44 | Construir | Farm |
| 13:58 | Construir | House |
| 14:33 | Construir | House |
| 15:06 | Investigar | Castle Age |
| 15:37 | Construir | Farm |
| 16:31 | Construir | Settlement |
| 16:53 | Investigar | Fletching |
| 17:09 | Construir | House |
| 17:11 | Construir | Palisade Wall |
| 17:18 | Construir | Palisade Wall |
| 17:19 | Construir | Palisade Wall |
| 17:35 | Encolar | Villager (Male) |
| 17:46 | Edad | Edad de los Castillos |
| 17:53 | Construir | Castle |
| 18:25 | Construir | House |
| 18:27 | Construir | House |
| 19:02 | Encolar | Unit 2579 |
| 19:10 | Construir | Farm |
| 19:11 | Construir | Farm |
| 19:12 | Construir | Farm |
| 19:15 | Construir | Farm |
| 19:17 | Construir | Farm |
| 19:24 | Encolar | Unit 2579 |
| 19:24 | Encolar | Unit 2579 |
| 19:35 | Encolar | Unit 2579 |
| 20:51 | Encolar | Unit 2579 |
| 21:01 | Encolar | Villager (Male) |
| 21:14 | Construir | Settlement |
| 21:52 | Encolar | Unit 2579 |
| 21:58 | Encolar | Unit 2579 |
| 22:14 | Encolar | Unit 2579 |
| 22:19 | Encolar | Villager (Male) |
| 22:20 | Encolar | Villager (Male) |
| 22:20 | Encolar | Villager (Male) |
| 22:43 | Encolar | Unit 2579 |
| 22:43 | Encolar | Unit 2579 |
| 23:21 | Encolar | Unit 2579 |
| 23:24 | Encolar | Unit 2579 |
| 23:32 | Encolar | Villager (Male) |
| 23:35 | Encolar | Unit 2579 |
| 23:44 | Encolar | Unit 2579 |
| 23:46 | Encolar | Villager (Male) |
| 24:00 | Encolar | Unit 2579 |
| 24:00 | Encolar | Unit 2579 |
| 24:11 | Encolar | Unit 2579 |
| 24:30 | Encolar | Unit 2579 |
| 24:35 | Encolar | Unit 2579 |
| 24:40 | Encolar | Unit 2579 |
| 24:51 | Encolar | Unit 2579 |
| 25:05 | Encolar | Unit 2579 |
| 25:14 | Encolar | Unit 2579 |
| 25:14 | Encolar | Unit 2579 |
| 25:20 | Encolar | Villager (Male) |
| 25:29 | Investigar | Bodkin Arrow |
| 25:32 | Encolar | Unit 2579 |
| 25:56 | Construir | Settlement |
| 25:57 | Encolar | Villager (Male) |
| 25:59 | Encolar | Villager (Male) |
| 25:59 | Encolar | Villager (Male) |
| 26:58 | Encolar | Villager (Male) |
| 27:14 | Construir | Siege Workshop |
| 27:24 | Encolar | Villager (Male) |
| 27:35 | Encolar | Unit 2579 |
| 27:53 | Encolar | Villager (Male) ×2 |
| 28:16 | Encolar | Unit 2579 |
| 28:16 | Encolar | Unit 2579 |
| 28:22 | Encolar | Mangonel |
| 28:26 | Encolar | Villager (Male) |
| 28:40 | Construir | Farm |
| 28:42 | Construir | Farm |
| 28:43 | Construir | Farm |
| 28:49 | Construir | University |
| 28:52 | Encolar | Unit 2579 |
| 28:55 | Encolar | Unit 2579 |
| 28:55 | Encolar | Unit 2579 |
| 29:26 | Encolar | Villager (Male) |
| 29:58 | Encolar | Villager (Male) |
| 30:05 | Encolar | Unit 2550 |
| 30:17 | Encolar | Villager (Male) |
| 30:31 | Encolar | Villager (Male) |
| 30:33 | Encolar | Unit 2579 |
| 30:53 | Construir | Settlement |
| 31:07 | Construir | Settlement |
| 31:07 | Encolar | Unit 2579 |
| 31:08 | Encolar | Unit 2579 |
| 31:29 | Encolar | Mangonel |
| 31:45 | Encolar | Unit 2579 |
| 31:47 | Encolar | Unit 2579 |
| 31:47 | Encolar | Unit 2579 |
| 31:56 | Encolar | Villager (Male) |
| 32:37 | Construir | Castle |
| 32:45 | Investigar | Padded Archer Armor |
| 32:46 | Encolar | Villager (Male) |
| 32:47 | Encolar | Unit 2579 |
| 32:48 | Encolar | Unit 2579 |
| 32:48 | Encolar | Unit 2579 |
Build order — 张献忠
Primeras 150 de 217 acciones detectadas
| 0:00 | Encolar | Villager (Male) |
| 0:01 | Construir | House |
| 0:03 | Construir | House |
| 0:04 | Encolar | Villager (Male) |
| 0:04 | Encolar | Villager (Male) |
| 0:21 | Encolar | Villager (Male) |
| 0:57 | Construir | House |
| 1:34 | Encolar | Villager (Male) |
| 1:57 | Construir | Lumber Camp |
| 2:14 | Encolar | Villager (Male) |
| 2:54 | Encolar | Villager (Male) |
| 2:54 | Encolar | Villager (Male) |
| 3:16 | Encolar | Villager (Male) |
| 3:16 | Encolar | Villager (Male) |
| 3:27 | Encolar | Villager (Male) |
| 3:47 | Encolar | Villager (Male) |
| 3:48 | Encolar | Villager (Male) |
| 4:09 | Encolar | Villager (Male) |
| 4:09 | Encolar | Villager (Male) |
| 4:09 | Encolar | Villager (Male) |
| 4:18 | Construir | Mill |
| 4:41 | Construir | House |
| 5:13 | Encolar | Villager (Male) |
| 5:13 | Encolar | Villager (Male) |
| 5:13 | Encolar | Villager (Male) |
| 5:39 | Encolar | Villager (Male) |
| 6:26 | Construir | Barracks |
| 6:41 | Encolar | Villager (Male) |
| 6:41 | Encolar | Villager (Male) |
| 7:16 | Investigar | Feudal Age |
| 7:17 | Investigar | Feudal Age |
| 7:26 | Construir | Palisade Wall |
| 7:27 | Construir | Palisade Wall |
| 7:36 | Encolar | Villager (Male) |
| 7:45 | Construir | Palisade Wall |
| 7:47 | Construir | Palisade Wall |
| 8:30 | Construir | Mining Camp |
| 9:26 | Edad | Edad Feudal |
| 9:37 | Investigar | Loom |
| 9:50 | Construir | Archery Range |
| 9:59 | Investigar | Double-Bit Axe |
| 10:09 | Encolar | Villager (Male) |
| 10:09 | Encolar | Villager (Male) |
| 10:18 | Construir | House |
| 10:21 | Construir | House |
| 10:37 | Construir | Mining Camp |
| 10:40 | Encolar | Archer |
| 10:48 | Construir | Farm |
| 10:49 | Construir | Farm |
| 10:51 | Construir | Farm |
| 10:52 | Encolar | Villager (Male) |
| 11:09 | Encolar | Archer |
| 11:21 | Encolar | Villager (Male) |
| 11:21 | Encolar | Villager (Male) |
| 11:38 | Construir | Watch Tower |
| 11:43 | Encolar | Archer |
| 11:43 | Encolar | Villager (Male) |
| 12:04 | Encolar | Villager (Male) |
| 12:22 | Encolar | Archer |
| 12:23 | Encolar | Villager (Male) |
| 12:33 | Encolar | Villager (Male) |
| 12:34 | Encolar | Villager (Male) |
| 12:50 | Construir | Blacksmith |
| 13:05 | Construir | House |
| 13:07 | Encolar | Archer |
| 13:07 | Encolar | Villager (Male) |
| 13:21 | Encolar | Archer |
| 13:21 | Encolar | Villager (Male) |
| 13:23 | Encolar | Villager (Male) |
| 13:25 | Construir | Farm |
| 13:27 | Construir | Farm |
| 13:38 | Investigar | Fletching |
| 13:50 | Encolar | Villager (Male) |
| 13:57 | Encolar | Villager (Male) |
| 14:12 | Encolar | Villager (Male) |
| 14:19 | Encolar | Archer |
| 14:19 | Encolar | Archer |
| 14:31 | Construir | Watch Tower |
| 14:34 | Encolar | Villager (Male) |
| 14:34 | Encolar | Villager (Male) |
| 14:37 | Encolar | Archer |
| 14:40 | Encolar | Villager (Male) |
| 14:44 | Construir | Farm |
| 14:45 | Construir | Farm |
| 14:45 | Construir | Farm |
| 14:56 | Encolar | Villager (Male) |
| 15:06 | Encolar | Archer |
| 15:10 | Construir | Farm |
| 15:32 | Encolar | Archer |
| 15:39 | Construir | House |
| 15:49 | Investigar | Wheelbarrow |
| 16:02 | Construir | House |
| 16:36 | Construir | Watch Tower |
| 16:48 | Encolar | Villager (Male) |
| 17:04 | Encolar | Archer |
| 17:05 | Encolar | Archer |
| 17:06 | Encolar | Villager (Male) |
| 17:06 | Encolar | Villager (Male) |
| 17:14 | Construir | Palisade Wall |
| 17:15 | Construir | Palisade Wall |
| 17:16 | Construir | Palisade Wall |
| 17:16 | Construir | Palisade Wall |
| 17:18 | Encolar | Villager (Male) |
| 17:24 | Encolar | Archer |
| 17:37 | Construir | Mining Camp |
| 18:08 | Construir | House |
| 18:28 | Construir | Watch Tower |
| 18:57 | Encolar | Villager (Male) |
| 19:02 | Construir | Farm |
| 19:11 | Investigar | Castle Age |
| 19:33 | Construir | Lumber Camp |
| 19:46 | Encolar | Archer |
| 19:54 | Investigar | Stone Mining |
| 20:14 | Construir | Watch Tower |
| 20:27 | Construir | House |
| 20:29 | Encolar | Villager (Male) |
| 20:38 | Investigar | Padded Archer Armor |
| 21:04 | Construir | House |
| 21:19 | Construir | Lumber Camp |
| 21:44 | Encolar | Villager (Male) |
| 21:51 | Edad | Edad de los Castillos |
| 22:02 | Construir | Market |
| 22:17 | Encolar | Villager (Male) |
| 22:30 | Construir | Town Center |
| 22:36 | Construir | House |
| 22:39 | Construir | Palisade Wall |
| 23:08 | Construir | House |
| 23:32 | Construir | Siege Workshop |
| 23:44 | Encolar | Villager (Male) |
| 23:45 | Encolar | Villager (Male) |
| 23:56 | Construir | Castle |
| 23:57 | Encolar | Mangonel |
| 24:09 | Construir | Castle |
| 24:35 | Encolar | Mangonel |
| 24:58 | Construir | Lumber Camp |
| 25:02 | Construir | Lumber Camp |
| 25:51 | Construir | Farm |
| 25:58 | Encolar | Villager (Male) |
| 25:59 | Encolar | Villager (Male) |
| 25:59 | Encolar | Villager (Male) |
| 26:35 | Encolar | Villager (Male) |
| 26:35 | Encolar | Villager (Male) |
| 26:54 | Construir | Town Center |
| 26:57 | Construir | Farm |
| 27:07 | Construir | Farm |
| 27:09 | Construir | Farm |
| 27:17 | Encolar | Villager (Male) |
| 27:17 | Encolar | Villager (Male) |
| 27:49 | Encolar | Villager (Male) |
| 27:51 | Encolar | Villager (Male) |
Cronología de la partida
| 6:26 | 张献忠 · first_building Barracks |
| 6:29 | Tam nsnd · wall_segment Palisade Wall x14 |
| 6:32 | Tam nsnd · wall_segment Palisade Wall x1 |
| 6:57 | Tam nsnd · wall_segment Palisade Wall x1 |
| 6:59 | Tam nsnd · wall_segment Palisade Wall x4 |
| 7:26 | 张献忠 · wall_segment Palisade Wall x1 |
| 7:27 | 张献忠 · wall_segment Palisade Wall x2 |
| 7:43 | Tam nsnd · wall_segment Palisade Wall x1 |
| 7:45 | 张献忠 · wall_segment Palisade Wall x2 |
| 7:47 | 张献忠 · wall_segment Palisade Wall x1 |
| 8:34 | Tam nsnd · first_building Barracks |
| 8:52 | Tam nsnd · wall_segment Palisade Wall x4 |
| 9:26 | 张献忠 · age_up feudal |
| 9:50 | 张献忠 · first_building Archery Range |
| 10:35 | Tam nsnd · age_up feudal |
| 13:49 | Tam nsnd · first_market_sell 100 stone |
| 13:52 | Tam nsnd · first_market_buy 100 food |
| 17:11 | Tam nsnd · wall_segment Palisade Wall x1 |
| 17:14 | 张献忠 · wall_segment Palisade Wall x1 |
| 17:15 | 张献忠 · wall_segment Palisade Wall x1 |
| 17:16 | 张献忠 · wall_segment Palisade Wall x1 |
| 17:16 | 张献忠 · wall_segment Palisade Wall x1 |
| 17:18 | Tam nsnd · wall_segment Palisade Wall x1 |
| 17:19 | Tam nsnd · wall_segment Palisade Wall x5 |
| 17:46 | Tam nsnd · age_up castle |
| 17:53 | Tam nsnd · first_building Castle |
| 21:51 | 张献忠 · age_up castle |
| 22:39 | 张献忠 · wall_segment Palisade Wall x2 |
| 23:32 | 张献忠 · first_building Siege Workshop |
| 23:44 | 张献忠 · first_market_buy 100 food |
| 23:56 | 张献忠 · first_building Castle |
| 25:57 | 张献忠 · first_market_sell 100 wood |
| 27:14 | Tam nsnd · first_building Siege Workshop |
| 35:37 | Tam nsnd · resign |
[ ANÁLISIS IA · 1 CRÉDITO ]
¿Qué pasó realmente en esta partida?
Wolo.gg analiza cada decisión: build order, eco, micro, errores típicos por bracket. Análisis personalizado por WhatsApp o Discord en 30 segundos.
Guía civ
Tupíes
Perfil
Tam nsnd